 Dungeon Crawl Stone Soup version 0.31-a0-1308-ga3cce3a448 (webtiles) character file.

Game seed: 16710193928146292559

10195 IdlyInterested the Carver (level 11, -10/81 HPs)
             Began as a Demonspawn Fighter on Dec 19, 2023.
             Mangled by a cyan ugly thing (17 damage)
             ... on level 11 of the Dungeon.
             The game lasted 00:37:38 (12003 turns).

IdlyInterested the Carver (Demonspawn Fighter)     Turns: 12003, Time: 00:37:38

Health: -10/81     AC:  9    Str: 21    XL:     11   Next: 33%
Magic:  19/19      EV: 13    Int: 12    God:
Gold:   473        SH:  0    Dex: 18    Spells: 20/20 levels left

rFire   + + .        w - +2 long sword (heavy)
rCold   + . .        (no shield)
rNeg    . . .        M - +2 robe {rC+ rF+}
rPois   .            e - +1 hat
rElec   .            m - scarf {shadows}
rCorr   .            t - +0 pair of gloves
SInv    .            K - +0 pair of boots
Will    .....        D - amulet of magic regeneration
Stlth   ++++         o - +6 ring of dexterity
HPRegen 0.33/turn    d - ring "Icidaff" {Fly rF+ Str+3 Stlth+}
MPRegen 0.56/turn

%: no passive effects
@: lethally poisoned (-10 -> -26), flying
A: molten scales 1, foul stench 1, demonic magic 2, demonic touch 2
a: no special abilities


You were on level 11 of the Dungeon.
You visited 2 branches of the dungeon, and saw 12 of its levels.

You collected 473 gold pieces.

Inventory:

Hand Weapons
 p - a +5 dagger
 w - a +2 heavy long sword (weapon)
 B - a +3 long sword
 X - a +4 short sword
 Y - a +3 great sword of freezing
Missiles
 k - 64 stones (quivered)
 s - an atropa-tipped dart
 C - 6 boomerangs
 N - 2 javelins
 U - 18 poisoned darts
Armour
 c - a +0 buckler
 e - a +1 hat (worn)
 m - a scarf of shadows (worn)
 q - an orb of light
 t - a +0 pair of gloves (worn)
 x - a +1 chain mail of willpower
 K - a +0 pair of boots (worn)
 L - an orb of guile
 M - a +2 robe of resistance (worn)
 T - +0 steam dragon scales
Jewellery
 a - a ring of ice
 d - the ring "Icidaff" (right hand) {Fly rF+ Str+3 Stlth+}
   (You found it on level 9 of the Dungeon)

   [ring of flight]

   Str+3:     It affects your strength (+3).
   rF+:       It protects you from fire.
   Fly:       It grants you flight.
   Stlth+:    It makes you more stealthy.
 o - a +6 ring of dexterity (left hand)
 y - a ring of willpower
 D - an amulet of magic regeneration (around neck)
 J - a ring of protection from fire
 O - a ring of protection from cold
Wands
 z - a wand of mindburst (15)
 F - a wand of digging (6)
 P - a wand of flame (11)
 V - a wand of polymorph (7)
 W - a wand of quicksilver (5)
Scrolls
 g - 2 scrolls of identify
 h - a scroll of poison
 i - 2 scrolls of fog
 l - a scroll of enchant armour
 n - a scroll of vulnerability
 v - 6 scrolls of revelation
 E - 3 scrolls of fear
 H - a scroll of enchant weapon
 Q - a scroll of silence
 R - 3 scrolls of teleportation
 S - 2 scrolls of immolation
 Z - a scroll of brand weapon
Potions
 b - 3 potions of heal wounds
 f - a potion of resistance
 j - 2 potions of lignification
 r - a potion of brilliance
 u - 8 potions of curing
 G - a potion of haste
 I - a potion of might


   Skills:
 - Level 6.0 Fighting
 * Level 12.5 Long Blades
 - Level 3.0 Throwing
 - Level 3.0 Armour
 - Level 3.0 Dodging
 - Level 6.0 Stealth
 - Level 3.0 Shields
 + Level 5.3 Spellcasting
 - Level 3.0 Evocations


You had 20 spell levels left.
You didn't know any spells.
Your spell library contained the following spells:

 Spells                   Type           Power      Damage    Failure   Level
 Necrotise                Necr           12%        1d4       19%         1
 Poisonous Vapours        Pois/Air       6%         N/A       28%         2
 Hailstorm                Conj/Ice       3%         3d5       50%         3
 Mephitic Cloud           Conj/Pois/Air  3%         N/A       50%         3
 Vampiric Draining        Necr           3%         2d6       50%         3
 Summon Ice Beast         Ice/Summ       3%         N/A       88%         4
 Vhi's Electric Charge    Tloc/Air       6%         N/A       88%         4
 Agony                    Necr           3%         N/A       99%         5
 Arcjolt                  Conj/Air       1%         1d11      99%         5
 Freezing Cloud           Conj/Ice/Air   1%         6-21      99%         5
 Simulacrum               Ice/Necr       1%         N/A       100%        6
 Maxwell's Capacitive Co  Air            1%         ∞         100%        8


Dungeon Overview and Level Annotations

Branches:
Dungeon (11/15)            Temple (1/1) D:5            Lair (0/5) D:10
    Orc: D:9-12

Altars:
Ashenzari
Cheibriados
Dithmenos
Fedhas
Gozag
Hepliaklqana
Kikubaaqudgha
Makhleb
Nemelex Xobeh
Okawaru
Qazlal
Ru
Sif Muna
Trog
Uskayaw
Vehumet
Wu Jian
Xom
Yredelemnul


Innate Abilities, Weirdness & Mutations

You are partially covered in molten scales. (AC +2)
You may rarely emit foul miasma when damaged in melee.
Spells you cast may paralyse nearby enemies.
Your touch may inflict irresistible damage on your foes.


Message History

A killer bee comes into view.
The killer bee buzzes angrily.
You slash the cyan ugly thing!
The cyan ugly thing is moderately wounded.
You hear an angry buzzing noise. x4
The cyan ugly thing completely misses you.
A killer bee comes into view.
The killer bee buzzes angrily.
You slice the cyan ugly thing!! Your touch misses the cyan ugly thing.
The cyan ugly thing is almost dead.
You hear an angry buzzing noise. x4
A killer bee comes into view.
The cyan ugly thing tail-slaps you. The cyan ugly thing shocks you!
The killer bee moves out of view.
You barely miss the cyan ugly thing.
The cyan ugly thing is almost dead.
The killer bee misses you. The cyan ugly thing tail-slaps you.
The cyan ugly thing shocks you!
* * * LOW HITPOINT WARNING * * *
The killer bee stings you.
* * * LOW HITPOINT WARNING * * *
You are poisoned.
The killer bee poisons you!
You emit a cloud of foul miasma!
You hit the cyan ugly thing.
The cyan ugly thing is almost dead.
You feel very sick. The killer bee stings you.
* * * LOW HITPOINT WARNING * * *
You are lethally poisoned!
The killer bee poisons you!
The killer bee is engulfed in dark miasma.
The killer bee is poisoned.
The killer bee misses you. The cyan ugly thing barely misses you.
The killer bee is engulfed in dark miasma.
The killer bee looks even sicker.
The killer bee barely misses you.
The killer bee stings you but does no damage.
The cyan ugly thing tail-slaps you.
* * * LOW HITPOINT WARNING * * *
The cyan ugly thing shocks you!
You die...

.. .P#.# .?.=...
.##.#...
..........
.........##
.......yuy#
........@.####
#.........#.##
#............####
.#.##...)....#..#
.................#
......#.......[..#
..#.......>..>..##
..##.......#.....#
#.
.......###.....#


You could see a cyan ugly thing and 2 killer bees.

Vanquished Creatures
  A two-headed ogre (D:11)
  Pikel (D:5)
  Jeremiah (D:6)
  Maggie (D:8)
  3 unseen horror zombies (D:9)
  A troll (D:10)
  Grinder (D:5)
  2 shadows (D:11)
  2 wyverns (D:10)
  8 yaks
  3 vampire mosquitoes (D:10)
  Menkaure (D:4)
  Edmund (D:6)
  4 orc warriors
  A sky beast (D:6)
  4 black bears
  2 ice beasts
  2 ogres
  The ghost of Phlounder the Caller, an amateur DsWn (D:3)
  A centaur (D:9)
  A phantom (D:7)
  A kobold brigand (D:9)
  2 bullfrogs (D:8)
  2 gnoll sergeants
  3 scorpions
  24 wights
  9 killer bees
  3 electric eels
  2 jellies
  2 howler monkeys
  6 centaur zombies (D:9)
  7 hounds
  9 orc priests
  Jessica (D:2)
  Terence (D:2)
  4 orc wizards
  3 sleepcaps (D:6)
  A killer bee zombie (D:9)
  3 howler monkey zombies (D:9)
  11 gnolls
  11 adders
  3 white imps
  An ufetubus (D:6)
  3 dart slugs
  37 orcs
  7 bats
  7 endoplasms
  3 giant cockroaches
  8 goblins
  5 hobgoblins
  15 jackals
  14 kobolds
  4 quokkas
  5 ball pythons
  3 frilled lizards (D:1)
  6 rats
268 creatures vanquished.

Notes
Turn   | Place    | Note
-------+----------+-------------------------------------------
     0 | D:1      | IdlyInterested the Demonspawn Fighter began the quest for
                  | the Orb.
     0 | D:1      | Reached XP level 1. HP: 18/18 MP: 1/1
   153 | D:1      | Reached skill level 2 in Long Blades
   161 | D:1      | Gained mutation: Spells you cast may paralyse adjacent
                  | enemies. [demonic ancestry]
   161 | D:1      | Reached XP level 2. HP: 19/24 MP: 2/2
   633 | D:1      | Gained mutation: Spells you cast may paralyse nearby
                  | enemies. [demonic ancestry]
   633 | D:1      | Reached XP level 3. HP: 29/29 MP: 3/3
   739 | D:1      | Reached skill level 1 in Dodging
  1100 | D:2      | Noticed Jessica
  1107 | D:2      | Killed Jessica
  1258 | D:2      | Reached XP level 4. HP: 35/35 MP: 4/4
  1306 | D:2      | Found a faded altar of an unknown god.
  1492 | D:2      | Noticed Terence
  1502 | D:2      | Killed Terence
  1948 | D:2      | Reached skill level 3 in Long Blades
  2185 | D:3      | Found a basalt altar of Yredelemnul.
  2187 | D:3      | Found an iron altar of Okawaru.
  2193 | D:3      | Found a bloodstained altar of Trog.
  2194 | D:3      | Found a sparkling altar of Nemelex Xobeh.
  2244 | D:3      | Reached XP level 5. HP: 28/41 MP: 5/5
  2308 | D:3      | Found a runed translucent door.
  2311 | D:3      | Noticed Phlounder's ghost (amateur DsWn)
  2506 | D:3      | Reached skill level 1 in Throwing
  2745 | D:3      | Killed Phlounder's ghost
  2746 | D:3      | Gained mutation: Your touch may inflict minor irresistible
                  | damage on your foes. [demonic ancestry]
  2746 | D:3      | Reached XP level 6. HP: 43/47 MP: 6/6
  2771 | D:4      | Noticed an orc warrior
  2785 | D:4      | Killed an orc warrior
  2826 | D:4      | Reached skill level 4 in Long Blades
  2826 | D:4      | Reached skill level 1 in Evocations
  3279 | D:4      | Found a shimmering altar of Xom.
  3312 | D:4      | Found an ornate altar of the Wu Jian Council.
  3355 | D:4      | Noticed Menkaure
  3359 | D:4      | Killed Menkaure
  3360 | D:4      | Reached XP level 7. HP: 46/52 MP: 7/7
  3688 | D:5      | Entered Level 5 of the Dungeon
  3700 | D:5      | Noticed Grinder
  3708 | D:5      | Killed Grinder
  3836 | D:5      | Reached skill level 5 in Long Blades
  3877 | D:5      | Noticed Pikel
  3919 | D:5      | Killed Pikel
  3920 | D:5      | Reached skill level 6 in Long Blades
  3920 | D:5      | Gained mutation: You are partially covered in molten
                  | scales. (AC +2) [demonic ancestry]
  3920 | D:5      | Reached XP level 8. HP: 29/58 MP: 12/12
  4052 | D:5      | Reached skill level 1 in Stealth
  4259 | D:5      | Found a staircase to the Ecumenical Temple.
  4272 | Temple   | Entered the Ecumenical Temple
  4373 | D:5      | Reached skill level 7 in Long Blades
  5023 | D:6      | Noticed Jeremiah
  5030 | D:6      | Killed Jeremiah
  5031 | D:6      | Gained mutation: You may rarely emit foul miasma when
                  | damaged in melee. [demonic ancestry]
  5031 | D:6      | Reached XP level 9. HP: 53/64 MP: 13/13
  5387 | D:6      | Noticed Edmund
  5396 | D:6      | Reached skill level 8 in Long Blades
  5406 | D:6      | Killed Edmund
  6642 | D:7      | Reached skill level 5 in Fighting
  7039 | D:7      | Found a shimmering blue altar of Sif Muna.
  7146 | D:8      | Reached skill level 9 in Long Blades
  7299 | D:8      | Reached XP level 10. HP: 33/76 MP: 14/14
  7751 | D:8      | Noticed Maggie
  7769 | D:8      | Killed Maggie
  7770 | D:8      | Reached skill level 10 in Long Blades
  7883 | D:8      | Reached skill level 5 in Stealth
  8820 | D:9      | Reached skill level 11 in Long Blades
  9261 | D:9      | Identified the ring "Icidaff" {Fly rF+ Str+3 Stlth+}
 10238 | D:10     | Entered Level 10 of the Dungeon
 10489 | D:10     | Gained mutation: Your touch may inflict irresistible damage
                  | on your foes. [demonic ancestry]
 10489 | D:10     | Reached XP level 11. HP: 68/80 MP: 17/17
 10588 | D:10     | Found a radiant altar of Vehumet.
 10679 | D:10     | Reached skill level 12 in Long Blades
 11113 | D:10     | Found a staircase to the Lair.
 11424 | D:10     | Reached skill level 5 in Spellcasting
 11906 | D:11     | Noticed a two-headed ogre
 11915 | D:11     | Killed a two-headed ogre
 11996 | D:11     | Noticed a cyan ugly thing
 12003 | D:11     | Mangled by a cyan ugly thing

Illustrated notes

Levels and vault maps discovered:
D:1:      amcnicky_arrival_feature_with_door, layout_basic,
          minmay_misc_feat_five
D:2:      layout_loops_ring, shapermc_ecumenical_altar_totnotflames,
          uniq_terence, uniq_jessica
D:3:      layout_basic, grunt_temple_overflow_open, gammafunk_ghost_grave
D:4:      layout_loops_ring, xom_teletrap_fun, nicolae_overflow_crystal_walls,
          nicolae_eternal_life, dk_rats_in_the_wall, uniq_menkaure
D:5:      layout_basic, minmay_temple_entry_butterflies, uniq_grinder,
          uniq_pikel
D:6:      layout_basic, hellmonk_no_cap, uniq_edmund, uniq_jeremiah
D:7:      layout_basic, led_sif_pool, fountainhead
D:8:      layout_basic, uniq_maggie
D:9:      layout_basic, serial_undead, serial_undead_d, serial_undead_a,
          serial_undead_a, serial_undead_e, serial_undead_d, serial_undead_f,
          serial_undead_c, serial_undead_c, serial_undead_a, serial_undead_c,
          kennysheep_generic_room_15
D:10:     layout_basic, nicolae_vehumet_altar_sigil, david_lair_generic,
          serial_bayou_lake_a
D:11:     layout_cave_pools, erik_orc_3, special_room [special_room_bee],
          nicolae_hepliaklqana_hazy_memory
Temple:   oiseaux_autumnal_temple

Skill      XL: |  1  2  3  4  5  6  7  8  9 10 11 |
---------------+----------------------------------+-----
Long Blades    | 2 3 4 6 7 9 11 12 | 12.5
Armour         | 3 |  3.0
Shields        | 3 |  3.0
Dodging        | 1 2 3 |  3.0
Throwing       | 2 3 |  3.0
Evocations     | 3 |  3.0
Spellcasting   | 3 4 5 |  5.3
Stealth        | 3 4 6 |  6.0
Fighting       | 5 6 |  6.0

Action                     |  1- 3 |  4- 6 |  7- 9 | 10-12 || total
---------------------------+-------+-------+-------+-------++-------
  Melee: Long sword        |   133 |   168 |   213 |   273 ||   787
         Touch             |       |    13 |    52 |    48 ||   113
         Punch             |       |     2 |     1 |     5 ||     8
  Throw: Stone             |       |     1 |    13 |    25 ||    39
         Dart              |       |       |     1 |     4 ||     5
         Javelin           |       |       |     2 |       ||     2
  Evoke: Wand              |       |       |     3 |     3 ||     6
    Use: Potion            |     2 |     1 |     3 |     4 ||    10
         Scroll            |     1 |     3 |     8 |     4 ||    16
   Stab: Sleeping          |       |       |     3 |    12 ||    15
 Armour: Scale mail        |   101 |    14 |       |       ||   115
         Chain mail        |       |   118 |    79 |       ||   197
         Robe              |       |       |    92 |   237 ||   329
  Dodge: Dodged            |    63 |    88 |   119 |   257 ||   527
  Block: Buckler           |    31 |    31 |       |       ||    62

Table legend: (Time is in decaauts)
 A = Elapsed time spent in this place.
 B = Non-inter-level travel time spent in this place.
 C = Inter-level travel time spent in this place.
 D = Time resting spent in this place.
 E = Time spent auto-exploring this place.
 F = Levels seen in this place.
 G = Mean time per level.
                   A        B        C        D        E       F      G
               +--------+--------+--------+--------+--------+-----+--------+
         Total |  12149 |  11682 |    467 |   2826 |   6221 |  12 | 1012.4 |
       Dungeon |  12147 |  11680 |    467 |   2826 |   6221 |  11 | 1104.3 |
        Temple |      1 |      1 |      0 |      0 |      0 |   1 |    1.0 |
               +--------+--------+--------+--------+--------+-----+--------+

Top non-repeatable levels by time:
     D:9: 1951 daAuts
    D:10: 1629 daAuts
     D:6: 1487 daAuts
     D:5: 1337 daAuts
     D:8: 1226 daAuts
     D:1: 1071 daAuts
     D:2: 990 daAuts
     D:4: 896 daAuts
     D:3: 816 daAuts
     D:7: 610 daAuts
    D:11: 129 daAuts
  Temple: 1 daAuts
